 Dungeon Crawl Stone Soup version 0.28.0-45-g0d030f2227 (webtiles) character file.

Game seed: 3457697122726892758

3 H0rd4k the Magician (level 1, 0/10 HPs)
             Began as a Deep Elf Hedge Wizard on Apr 21, 2022.
             Slain by a hobgoblin (5 damage)
             ... on level 1 of the Dungeon.
             The game lasted 00:00:08 (142 turns).

H0rd4k the Magician (Deep Elf Hedge Wizard)          Turns: 142, Time: 00:00:08

Health: 0/10       AC:  2    Str:  7    XL:     1   Next: 41%
Magic:  5/8        EV: 12    Int: 18    God:
Gold:   10         SH:  0    Dex: 14    Spells: 8/9 levels left

rFire   . . .      SeeInvis .   a - +0 dagger
rCold   . . .      Faith    .   (no shield)
rNeg    . . .      Spirit   .   b - +0 robe
rPois   .          Reflect  .   c - +0 hat
rElec   .          Harm     .   (no cloak)
rCorr   .          Rampage  .   (no gloves)
Will    .....                   (no boots)
Stlth   ++........              (no amulet)
HPRegen 0.03/turn               (no ring)
MPRegen 0.11/turn               (no ring)

@: no status effects
A: no striking features
a: no special abilities


You were on level 1 of the Dungeon.
You visited 1 branch of the dungeon, and saw 1 of its levels.

You collected 10 gold pieces.

Inventory:

Hand Weapons
 a - a +0 dagger (weapon)
Armour
 b - a +0 robe (worn)
 c - a +0 hat (worn)


   Skills:
 + Level 2.5 Dodging
 - Level 2.4 Stealth
 + Level 4.6 Spellcasting
 + Level 1.1 Conjurations
 + Level 1.1 Summonings
 + Level 1.1 Translocations


You had 8 spell levels left.
You knew the following spells:

 Your Spells              Type           Power      Damage    Failure   Level
a - Magic Dart            Conj           32%        1d4       9%          1

Your spell library contained the following spells:

 Spells                   Type           Power      Damage    Failure   Level
 Blink                    Tloc           16%        N/A       13%         2
 Call Imp                 Summ           8%         N/A       13%         2
 Slow                     Hex            16%        N/A       14%         1
 Conjure Flame            Conj/Fire      6%         6-21      32%         3
 Mephitic Cloud           Conj/Pois/Air  5%         N/A       34%         3


Dungeon Overview and Level Annotations

Branches:
Dungeon (1/15)

Altars:


Message History

[Y]es or [N]o only, please.
Your line of fire to the ball python is blocked by a plant.
Continue anyway? [Y]es or [N]o only, please.
Your line of fire to the ball python is blocked by a plant.
Continue anyway?
Okay, then.
The magic dart hits the rat.
The rat is severely wounded.
The magic dart hits the rat.
You kill the rat!
The magic dart hits the ball python.
The ball python is severely wounded.
The magic dart hits the ball python.
You kill the ball python!
You can't see any susceptible monsters within range! (Use Z to cast anyway.)
You can't see any susceptible monsters within range! (Use Z to cast anyway.)
A rat comes into view.
A rat is nearby!
A rat is nearby!
A rat is nearby!
The magic dart hits the rat.
You kill the rat!
You can't see any susceptible monsters within range! (Use Z to cast anyway.)
You can't see any susceptible monsters within range! (Use Z to cast anyway.)
You can't see any susceptible monsters within range! (Use Z to cast anyway.)
Found a scale mail.
A hobgoblin comes into view.
The hobgoblin shouts!
A bat comes into view.
There are monsters nearby!
There are monsters nearby!
The magic dart hits the hobgoblin.
The hobgoblin is moderately wounded.
The bat misses you.
The magic dart hits the bat but does no damage.
The bat hits you. The bat closely misses you. The hobgoblin hits you.
The magic dart hits the hobgoblin but does no damage.
The hobgoblin is moderately wounded.
The bat hits you. The hobgoblin hits you.
Ouch! That really hurt!
You die...

###### #....#
#....# #### ..#..#
####..^. ###.#..#
##....P♣
...#..####.....♣
#[#g#........P.♣
#.!.@..####..PP♣
#b####†.......♣♣ .
....#####...♣ ♣P.
#.........P♣♣ ♣PP♣
#.######..PP♣♣..P.
............PP..P.
.#.######....P..P..
..# #####......
#.#####


You could see a hobgoblin and a bat.

Vanquished Creatures
  A giant cockroach (D:1)
  A ball python (D:1)
  2 rats (D:1)
4 creatures vanquished.

Notes
Turn   | Place    | Note
-------+----------+-------------------------------------------
     0 | D:1      | H0rd4k the Deep Elf Hedge Wizard began the quest for the
                  | Orb.
     0 | D:1      | Reached XP level 1. HP: 10/10 MP: 7/7
   142 | D:1      | Slain by a hobgoblin

Illustrated notes

Levels and vault maps discovered:
D:1:      dpeg_arrival_central, layout_basic, serial_forest,
          infiniplex_forest_clump_large, infiniplex_forest_clump_tiny,
          infiniplex_forest_clump_cross, infiniplex_forest_end_2,
          amcnicky_mini_rare_corridor_liquid, minmay_tetromino_i4

Action                   || total
-------------------------++-------
 Cast: Magic Dart        ||    14
Dodge: Dodged            ||     4
